 Dungeon Crawl Stone Soup version 0.30-a0-172-gc5509c9e31 (webtiles) character file.

Game seed: 4423536765361798353

102 LnG the Caller (level 5, -4/28 HPs)
             Began as a Kobold Summoner on Oct 1, 2022.
             Slain by a gnoll
             ... wielding a +0 spear
              (6 damage)
             ... on level 2 of the Dungeon.
             The game lasted 00:04:05 (1021 turns).

LnG the Caller (Kobold Summoner)                    Turns: 1021, Time: 00:04:05

Health: -4/28      AC:  3    Str:  5    XL:     5   Next: 6%
Magic:  14/18      EV: 15    Int: 18    God:
Gold:   70         SH:  0    Dex: 16    Spells: 3/9 levels left

rFire   . . .      SeeInvis .    e - +0 dagger
rCold   . . .      Faith    .    (no shield)
rNeg    . . .      Spirit   .    a - +0 robe
rPois   .          Reflect  .    k - +0 helmet
rElec   .          Harm     .    (no cloak)
rCorr   .          Rampage  .    (no gloves)
Will    .....                    (no boots)
Stlth   +++.......               (no amulet)
HPRegen 0.24/turn                f - ring of magical power
MPRegen 0.16/turn                (no ring)

@: on berserk cooldown, slowed, very slow
A: small, no large weapons, nightstalker 3
a: no special abilities


You were on level 2 of the Dungeon.
You visited 1 branch of the dungeon, and saw 2 of its levels.

You collected 70 gold pieces.

Inventory:

Hand Weapons
 e - a +0 dagger (weapon)
Missiles
 h - a throwing net
Armour
 a - a +0 robe (worn)
 k - a +0 helmet (worn)
Jewellery
 f - a ring of magical power (left hand)
Scrolls
 n - a scroll of brand weapon {unknown}
 o - a scroll of butterflies {unknown}
Potions
 b - a potion of magic
 g - a potion of mutation {unknown}
 i - a potion of heal wounds {unknown}
 l - a potion of curing {unknown}
 m - a potion of invisibility {unknown}


   Skills:
 + Level 0.7 Fighting
 + Level 1.6 Short Blades
 + Level 3.1 Dodging
 + Level 3.4 Stealth
 + Level 2.9 Spellcasting
 + Level 4.8 Summonings


You had 3 spell levels left.
You knew the following spells:

 Your Spells              Type           Power      Damage    Failure   Level
a - Summon Small Mammal   Summ           76%        N/A       2%          1
b - Call Imp              Summ           19%        N/A       3%          2
c - Call Canine Familiar  Summ           19%        N/A       7%          3

Your spell library contained the following spells:

 Spells                   Type           Power      Damage    Failure   Level
 Summon Guardian Golem    Hex/Summ       11%        N/A       19%         3
 Dazzling Flash           Conj/Hex       4%         N/A       45%         3
 Summon Lightning Spire   Summ/Air       11%        N/A       52%         4
 Iskenderun's Mystic Bla  Conj/Tloc      2%         2d3       86%         4
 Starburst                Conj/Fire      1%         6d3       100%        6


Dungeon Overview and Level Annotations

Branches:
Dungeon (1/15)

Altars:


Innate Abilities, Weirdness & Mutations

You are small and have problems with some larger weapons.
You are completely attuned to the shadows.


Message History

Your body is wracked with pain!
The gnoll convulses!
Your hound convulses!
Jessica convulses!
The gnoll convulses!
It was a scroll of torment.
The gnoll misses your crimson imp. The gnoll misses you.
Your hound bites Jessica.
Jessica casts a spell.
Jessica blinks!
The gnoll hits something with a +0 spear!
The gnoll hits you with a +0 whip.
* * * LOW HITPOINT WARNING * * *
Unknown command.
You swap places.
The gnoll misses you.
Jessica mumbles some strange words.
Jessica blinks!
Your hound bites the gnoll but does no damage.
Unknown command.
It was a potion of berserk rage.
A red film seems to cover your vision as you go berserk!
You feel yourself moving faster!
You feel mighty!
The gnoll hits you from afar with a +0 spear!
* * * LOW HITPOINT WARNING * * *
The gnoll misses you.
You hit Jessica.
You kill Jessica!
Your hound disappears in a puff of smoke!
The gnoll misses you. x2
You puncture the gnoll!
The gnoll is almost dead.
Your crimson imp hits the gnoll.
The gnoll dies!
You have reached level 5!
You feel agile.
You feel a strong urge to attack something.
You are too berserk!
You hit the gnoll.
The gnoll is severely wounded.
You are no longer berserk.
You are exhausted.
You feel yourself slow down. The gnoll hits you with a +0 spear.
You die...

...###..#. ..........
#..#.. ...####...
...#.. #### #...### ..
#.).).##... #?..)#...
##.#g...# #.5@.... ##
###....#.. .. #.#..#.#
.#### ##.#..#.# ..##
###..#.†..## #.##
###...[...†).#######...
#....#...).........)...
#.###....).......###...
#.........##.###...


You could see a gnoll (ally target) and a friendly crimson imp (summoned).

Vanquished Creatures
  Jessica (D:2)
  2 orcs (D:2)
  2 ball pythons
  A giant cockroach (D:2)
  4 goblins (D:1)
  A hobgoblin (D:2)
  A bat (D:1)
  3 frilled lizards
  2 kobolds
  A rat (D:1)
18 creatures vanquished.

Vanquished Creatures (collateral kills)
  3 gnolls (D:2)
  An adder (D:2)
  A dart slug (D:2)
  An orc (D:2)
  A bat (D:1)
  2 endoplasms (D:1)
  2 goblins (D:1)
  2 hobgoblins
  2 jackals (D:1)
  A quokka (D:1)
16 creatures vanquished.

Grand Total: 34 creatures vanquished

Notes
Turn   | Place    | Note
-------+----------+-------------------------------------------
     0 | D:1      | LnG the Kobold Summoner began the quest for the Orb.
     0 | D:1      | Reached XP level 1. HP: 10/10 MP: 3/3
   135 | D:1      | Reached XP level 2. HP: 15/15 MP: 1/5
   183 | D:1      | Learned a level 2 spell: Call Imp
   606 | D:1      | Reached XP level 3. HP: 19/19 MP: 6/6
   610 | D:1      | Learned a level 3 spell: Call Canine Familiar
   680 | D:1      | You fall into a shaft and drop 1 floor!
   864 | D:2      | Reached skill level 1 in Short Blades
   909 | D:2      | Reached XP level 4. HP: 8/24 MP: 8/8
  1003 | D:2      | Noticed Jessica
  1016 | D:2      | Killed Jessica
  1018 | D:2      | Reached XP level 5. HP: 2/28 MP: 9/9
  1021 | D:2      | Slain by a gnoll

Illustrated notes

Levels and vault maps discovered:
D:1:      eino_arrival_water_star, layout_basic, nicolae_shop_vocational
D:2:      layout_rooms, uniq_jessica

Skill      XL: |  1  2  3  4 |
---------------+-------------+-----
Short Blades   | 1 |  1.6
Stealth        | 3 |  3.4
Dodging        | 3 |  3.1
Fighting       | |  0.7
Spellcasting   | |  2.9
Summonings     | |  4.8

Action                   |  1- 3 |  4- 6 || total
-------------------------+-------+-------++-------
Melee: Unarmed           |     8 |       ||     8
       Dagger            |    40 |     7 ||    47
       Punch             |       |     1 ||     1
 Cast: Summon Small Mamm |     8 |     1 ||     9
       Call Imp          |     3 |     1 ||     4
       Call Canine Famil |     3 |     1 ||     4
  Use: Scroll            |       |     2 ||     2
       Potion            |       |     1 ||     1
 Stab: Sleeping          |     6 |       ||     6
Armor: Robe              |     7 |     1 ||     8
Dodge: Dodged            |    44 |     7 ||    51

Table legend: (Time is in decaauts)
 A = Elapsed time spent in this place.
 B = Non-inter-level travel time spent in this place.
 C = Inter-level travel time spent in this place.
 D = Time resting spent in this place.
 E = Time spent auto-exploring this place.
 F = Levels seen in this place.
 G = Mean time per level.
                   A        B        C        D        E       F      G
               +--------+--------+--------+--------+--------+-----+--------+
         Total |   1018 |   1018 |      0 |     64 |    684 |   2 |  509.0 |
       Dungeon |   1018 |   1018 |      0 |     64 |    684 |   2 |  509.0 |
               +--------+--------+--------+--------+--------+-----+--------+

Top non-repeatable levels by time:
     D:1: 679 daAuts
     D:2: 338 daAuts
